 Dungeon Crawl Stone Soup version 0.28-a0-1227-ga9037bb4c8 (webtiles) character file.

Game seed: 13461778689527863913

1368 sudoninja the Ruffian (level 8, -1/124 HPs)
             Began as an Ogre Berserker on Dec 22, 2021.
             Was a Priest of Trog.
             Killed by divine providence
             ... invoked by an orc priest
              (11 damage)
             ... on level 7 of the Dungeon.
             The game lasted 00:15:44 (4748 turns).

sudoninja the Ruffian (Ogre Berserker)              Turns: 4748, Time: 00:15:46

Health: -1/124     AC:  6    Str: 24    XL:     8   Next: 65%
Magic:  8/8        EV: 10    Int:  8    God:    Trog [***...]
Gold:   212        SH:  0    Dex:  8    Spells: 7/7 levels left

rFire   + . .      SeeInvis .     - Unarmed
rCold   x . .      Faith    .   (no shield)
rNeg    . . .      Spirit   .   a - +1 animal skin
rPois   .          Reflect  .   (helmet restricted)
rElec   .          Harm     .   (no cloak)
rCorr   .          Rampage  .   (gloves unavailable)
Will    ++...                   (boots unavailable)
Stlth   ..........              (no amulet)
HPRegen 1.30/turn               m - ring of fire
MPRegen 0.11/turn               (no ring)

@: berserking, strong-willed, regenerating, very quick
A: large, unfitting armour, tough skin 1, claws 1, iridescent scales 1
a: Renounce Religion, Berserk, Trog's Hand


You were on level 7 of the Dungeon.
You worshipped Trog.
Trog was most pleased with you.
You visited 1 branch of the dungeon, and saw 7 of its levels.

You collected 212 gold pieces.

Inventory:

Missiles
 n - 3 boomerangs (quivered)
Armour
 a - a +1 animal skin (worn)
 t - a +2 leather armour of fire resistance
Magical Staves
 b - a staff of fire
Jewellery
 m - a ring of fire (left claw)
 o - a ring of fire
Wands
 d - a wand of iceblast (11)
 q - a wand of paralysis (10)
 s - a wand of acid (6)
 u - a wand of flame (18)
Scrolls
 c - a scroll of teleportation
 g - 3 scrolls of amnesia {unknown}
 k - a scroll of torment
 l - a scroll of noise {unknown}
Potions
 e - 2 potions of heal wounds
 f - a potion of cancellation {unknown}
 h - a potion of degeneration {unknown}
 i - 3 potions of curing {unknown}
 j - 3 potions of flight
 p - a potion of berserk rage {unknown}
 r - a potion of might {unknown}


   Skills:
 + Level 5.9 Fighting
 * Level 3.0 Throwing
 - Level 4.9 Dodging
 + Level 7.8 Unarmed Combat


You had 7 spell levels left.
You didn't know any spells.
Your spell library was empty.

Dungeon Overview and Level Annotations

Branches:
Dungeon (7/15)             Temple (0/1) D:6

Altars:

Shops:
D:2 *   D:5 =   D:6 [


Innate Abilities, Weirdness & Mutations

You are too large for most types of armour.
You have tough skin. (AC +1)
You have sharp fingernails.
You are partially covered in iridescent scales. (AC +2)


Message History

You're too confused to move!
You feel less confused.
The orc wizard hits you with a +0 dagger.
The jelly hits you but does no damage. The orc warrior barely misses you.
The orc priest mumbles some strange prayers to Beogh against you.
Beogh smites you!
You hear a shout!
Your skin crawls.
You feel strong-willed.
The orc wizard hits you with a +0 dagger.
The jelly barely misses you.
The orc warrior hits you from afar with a +0 glaive!!
* * * LOW HITPOINT WARNING * * *
A red film seems to cover your vision as you go berserk!
You feel yourself moving faster!
You feel mighty! The jelly hits you but does no damage.
The orc warrior hits you but does no damage.
You are too injured to fight recklessly!
You closely miss the orc wizard. Your claw misses the orc wizard.
You claw the orc wizard!
The orc wizard is severely wounded.
The orc wizard hits you with a +0 dagger.
* * * LOW HITPOINT WARNING * * *
The orc warrior hits you from afar with a +0 glaive!
* * * LOW HITPOINT WARNING * * *
The jelly hits you.
* * * LOW HITPOINT WARNING * * *
You are splashed with acid!
* * * LOW HITPOINT WARNING * * *
You are too berserk!
You are too berserk!
You are too berserk!
You are too berserk!
You scratch the orc wizard.
You kill the orc wizard!
Trog accepts your kill.
Trog appreciates your killing of a magic user.
The orc priest calls down the wrath of Beogh upon you.
Beogh smites you!
You die...

....###.# ####..
......#.###########(....
........................
###..........######.....
###........# #.....
#####........# #.....
#.....ooo....# #.....
#.......J?...# #.....
#.....)@###### #...##
#.(.....# .....#
#.......# ....###
#.......# .....
#.......# .....
#.......# #########


You could see an orc warrior, a jelly, an orc priest and an orc.

Vanquished Creatures
  Grinder (D:6)
  A sky beast (D:6)
  2 black bears
  3 bullfrogs
  3 scorpions
  A howler monkey (D:7)
  3 hounds
  2 jellies
  A centaur skeleton (D:4)
  3 orc wizards
  A scorpion zombie (D:5)
  A killer bee zombie (D:7)
  5 gnolls
  6 adders
  3 worms
  5 dart slugs
  13 orcs
  6 bats
  8 endoplasms
  3 giant cockroaches
  6 goblins
  2 hobgoblins
  4 kobolds
  8 quokkas
  8 ball pythons
  2 frilled lizards (D:1)
  4 rats
105 creatures vanquished.

Notes
Turn   | Place    | Note
-------+----------+-------------------------------------------
     0 | D:1      | sudoninja the Ogre Berserker began the quest for the Orb.
     0 | D:1      | Reached XP level 1. HP: 24/24 MP: 1/1
   203 | D:1      | Found a faded altar of an unknown god.
   210 | D:1      | Reached skill level 3 in Unarmed Combat
   210 | D:1      | Reached XP level 2. HP: 28/33 MP: 2/2
   674 | D:1      | Reached XP level 3. HP: 37/40 MP: 3/3
  1047 | D:1      | Reached ** piety under Trog
  1702 | D:2      | Reached skill level 5 in Fighting
  1702 | D:2      | Reached XP level 4. HP: 38/50 MP: 4/4
  1702 | D:2      | Gained mutation: You sometimes lose the ability to read
                  | scrolls when taking damage. [potion of mutation]
  1702 | D:2      | Gained mutation: You are dopey. (Int -2) [potion of
                  | mutation]
  1702 | D:2      | Gained mutation: You have sharp fingernails. [potion of
                  | mutation]
  1728 | D:2      | Lost mutation: You sometimes lose the ability to read
                  | scrolls when taking damage. [potion of mutation]
  1728 | D:2      | Lost mutation: You are dopey. (Int -2) [potion of mutation]
  1728 | D:2      | Gained mutation: You are clumsy. (Dex -2) [potion of
                  | mutation]
  1728 | D:2      | Gained mutation: You are partially covered in iridescent
                  | scales. (AC +2) [potion of mutation]
  1728 | D:2      | Lost mutation: You are clumsy. (Dex -2) [potion of
                  | mutation]
  1807 | D:2      | Found Ycwifre's General Store.
  1910 | D:3      | Reached skill level 4 in Unarmed Combat
  2035 | D:3      | Noticed a black bear
  2042 | D:3      | Killed a black bear
  2043 | D:3      | Reached XP level 5. HP: 52/57 MP: 5/5
  2151 | D:3      | Reached skill level 5 in Unarmed Combat
  2819 | D:4      | Reached XP level 6. HP: 62/66 MP: 6/6
  3259 | D:5      | Entered Level 5 of the Dungeon
  3501 | D:5      | Found Siefor's Jewellery Shoppe.
  3565 | D:5      | Reached XP level 7. HP: 66/72 MP: 7/7
  3569 | D:5      | Reached *** piety under Trog
  3668 | D:6      | Found Qimpiuve's Armour Emporium.
  3783 | D:6      | Noticed Grinder
  3794 | D:6      | Reached skill level 1 in Throwing
  3795 | D:6      | Reached skill level 6 in Unarmed Combat
  3817 | D:6      | Killed Grinder
  3818 | D:6      | Reached XP level 8. HP: 40/81 MP: 8/8
  4048 | D:6      | Found a staircase to the Ecumenical Temple.
  4169 | D:6      | Reached skill level 7 in Unarmed Combat
  4748 | D:7      | Killed from afar by an orc priest

Illustrated notes

Levels and vault maps discovered:
D:1:      minmay_arrival_up_and_down, layout_basic,
          hellmonk_ecumenical_altar_slurped_away, kennysheep_boxes
D:2:      layout_basic, serial_shops, shop
D:3:      layout_basic
D:4:      layout_loops_ring
D:5:      layout_basic, serial_shops, nicolae_shop_crystal, nicolae_shop_trees,
          kennysheep_big_empty_room, grunt_tough_drop
D:6:      layout_gridville, nicolae_hepliaklqana_monster_ancestors,
          minmay_temple_entry_waves, serial_shops, nicolae_stop_n_shop_1,
          uniq_grinder
D:7:      gammafunk_corrupted_shrine, layout_basic

Skill      XL: |  1  2  3  4  5  6  7  8 |
---------------+-------------------------+-----
Unarmed Combat | 3 4 5 6 7 |  7.8
Fighting       | 5 |  5.9
Dodging        | 4 |  4.9
Throwing       | 1 3 |  3.0

Action                   |  1- 3 |  4- 6 |  7- 9 || total
-------------------------+-------+-------+-------++-------
Melee: Unarmed           |   156 |   139 |   107 ||   402
       Punch             |     2 |     2 |     6 ||    10
Invok: Berserk           |     2 |       |     3 ||     5
       Trog's Hand       |     1 |       |     2 ||     3
  Use: Potion            |       |     3 |       ||     3
       Scroll            |       |     6 |       ||     6
Armor: Animal skin       |    48 |    59 |    39 ||   146
Dodge: Dodged            |    91 |    69 |    66 ||   226

Table legend: (Time is in decaauts)
 A = Elapsed time spent in this place.
 B = Non-inter-level travel time spent in this place.
 C = Inter-level travel time spent in this place.
 D = Time resting spent in this place.
 E = Time spent auto-exploring this place.
 F = Levels seen in this place.
 G = Mean time per level.
                   A        B        C        D        E       F      G
               +--------+--------+--------+--------+--------+-----+--------+
         Total |   4746 |   4746 |      0 |    630 |   2418 |   7 |  678.0 |
       Dungeon |   4746 |   4746 |      0 |    630 |   2418 |   7 |  678.0 |
               +--------+--------+--------+--------+--------+-----+--------+

Top non-repeatable levels by time:
     D:1: 1168 daAuts
     D:6: 1020 daAuts
     D:3: 983 daAuts
     D:2: 661 daAuts
     D:4: 448 daAuts
     D:5: 404 daAuts
     D:7: 59 daAuts
